AoeStats
← 神速デュバリィ

Arabia

509104464Analyzed
3v3 RM · 6d ago on Sep 25, 2026· 32m 9s· 6 players
Game mode
Random Map
Map size
Normal (6 player)
Population
200
Speed
Normal
Resources
Standard
Victory
Conquest
Starting age
Dark Age
Ending age
Imperial Age
RankedLock teamsTeams togetherTeam positionsShared explorationLock speedFull tech treeHidden civsTurbo modeCheats
Victory
Defeat
🇦🇷 Tatars · Argentina
1379
+15
🇦🇷 Magyars · Argentina
1299
+19
🇦🇷 Ethiopians · Argentina
1243
+21
🇦🇺 Hindustanis · Australia
1384
-19
🇪🇸 Mapuche · Spain
1347
-18
1344
-18
神速デュバリィ
4:15 Loom
9:43 Feudal Age
8:54 Double-Bit Axe
15:43 Scale Barding Armor
16:40 Forging
17:15 Gold Mining
19:25 Gold Mining
19:48 Bow Saw
19:19 Horse Collar
21:24 Wheelbarrow
24:06 Castle Age
23:51 Heavy Plow
25:19 Chain Barding Armor
25:16 Pikeman
26:08 Cavalier
28:09 Husbandry
28:05 Stone Mining
Cantipedro
7:22 Loom
9:34 Feudal Age
15:24 Champi Runner
22:54 Castle Age
22:13 Double-Bit Axe
22:49 Fletching
23:00 Padded Archer Armor
27:44 Bodkin Arrow
Cowardpunch
4:03 Loom
10:12 Feudal Age
12:14 Loom
13:17 Double-Bit Axe
13:47 Fletching
15:55 Padded Archer Armor
23:09 Castle Age
23:34 Forging
23:29 Scale Barding Armor
23:27 Scale Mail Armor
23:36 Elite Skirmisher
26:26 Squires
28:18 Bow Saw
TeWs
6:39 Loom
8:47 Feudal Age
15:44 Fletching
17:21 Double-Bit Axe
20:08 Wheelbarrow
23:17 Castle Age
23:28 Gold Mining
24:06 Husbandry
24:16 Bloodlines
24:46 Gold Shaft Mining
25:01 Horse Collar
27:05 Bodkin Arrow
27:10 Padded Archer Armor
28:45 Bow Saw
29:27 Leather Archer Armor
29:23 Stone Mining
32:31 Ballistics
Calaizz
7:29 Loom
9:43 Feudal Age
10:15 Double-Bit Axe
11:55 Fletching
12:02 Town Watch
16:57 Padded Archer Armor
20:01 Wheelbarrow
23:30 Castle Age
22:08 Horse Collar
22:18 Gold Mining
23:35 Crossbowman
24:11 Bodkin Arrow
28:00 Ballistics
32:14 Hand Cart
35:01 Imperial Age
SaroTeff
6:21 Loom
9:21 Feudal Age
9:59 Double-Bit Axe
11:37 Horse Collar
16:55 Scale Barding Armor
22:11 Castle Age
20:55 Bloodlines
22:13 Gold Mining
22:12 Light Cavalry
22:55 Husbandry
23:39 Bow Saw
23:32 Heavy Plow
24:28 Husbandry
26:22 Chain Barding Armor
28:30 Wheelbarrow
29:31 Fletching
Connection lost

Rejoining the realm…

Still unreachable

The connection could not be restored.

Session expired

The server has moved on; the page needs a fresh start.